 Dungeon Crawl Stone Soup version 0.31.0-12-g77e489cdc1 (webtiles) character file.

Game seed: 14866561202957706367

58 Doomgape the Trooper (level 4, -3/29 HPs)
             Began as a Gargoyle Fighter on Feb 26, 2024.
             Slain by an orc
             ... wielding a +0 trident
              (4 damage)
             ... on level 2 of the Dungeon.
             The game lasted 00:03:04 (1045 turns).

Doomgape the Trooper (Gargoyle Fighter)             Turns: 1045, Time: 00:03:05

Health: -3/29      AC: 10    Str: 22    XL:     4   Next: 2%
Magic:  4/4        EV:  9    Int:  8    God:
Gold:   38         SH:  4    Dex:  9    Spells: 3/3 levels left

rFire   . . .        a - +0 flail
rCold   . . .        c - +0 buckler
rNeg    + . .        b - +0 scale mail
rPois   ∞            (no helmet)
rElec   +            (no cloak)
rCorr   .            (no gloves)
SInv    .            (no boots)
Will    +....        f - amulet of regeneration Stlth
                     (no ring)
HPRegen 1.04/turn    (no ring)
MPRegen 0.09/turn

%: no passive effects
@: mighty, enlightened, flying
A: sickness immunity, AC +3, negative energy resistance 1, electricity
resistance, torment resistance 1, petrification resistance
a: no special abilities


You were on level 2 of the Dungeon.
You visited 1 branch of the dungeon, and saw 2 of its levels.

You collected 38 gold pieces.

Inventory:

Hand Weapons
 a - a +0 flail (weapon)
Armour
 b - a +0 scale mail (worn)
 c - a +0 buckler (worn)
Jewellery
 f - an amulet of regeneration (around neck)
Scrolls
 h - a scroll of teleportation {unknown}
 i - a scroll of torment {unknown}
 j - a scroll of amnesia {unknown}
 k - a scroll of poison
Potions
 d - a potion of might
 e - 2 potions of enlightenment


   Skills:
 + Level 3.9 Fighting
 + Level 2.6 Maces & Flails
 + Level 3.8 Armour
 + Level 3.9 Shields


You had 3 spell levels left.
You didn't know any spells.
Your spell library was empty.

Dungeon Overview and Level Annotations

Branches:
Dungeon (2/15)

Altars:


Innate Abilities, Weirdness & Mutations

You are immune to sickness and miasma.
Your stone body is resilient. (AC +3)
You are immune to poison.
You resist negative energy. (rN+)
You are resistant to electric shocks. (rElec)
You are resistant to unholy torment.
You are immune to petrification.


Message History

Unknown command.
It was a potion of enlightenment.
You feel very buoyant.
You fly up into the air.
The orc completely misses you. The orc barely misses you.
Something hits you but does no damage.
It was a potion of magic.
Magic courses through your body. The orc barely misses you.
The orc closely misses you. Something hits you.
* * * LOW HITPOINT WARNING * * *
You feel very mighty all of a sudden. The orc hits you but does no damage.
The orc closely misses you. Something completely misses you.
Unknown command.
You closely miss something.
An orc wizard appears from thin air!
Reactivating autopickup.
The orc hits you but does no damage. The orc barely misses you.
The orc wizard hits you but does no damage.
The orc hits you from afar with a +0 trident.
* * * LOW HITPOINT WARNING * * *
You block the orc's attack.
The orc wizard hits you but does no damage.
You completely miss the orc wizard.
The orc wizard is moderately wounded.
The orc hits you but does no damage. The orc closely misses you.
The orc wizard hits you but does no damage.
Unknown command.
You barely miss the orc wizard.
The orc wizard is moderately wounded.
The orc hits you from afar with a +0 trident.
* * * LOW HITPOINT WARNING * * *
You block the orc's attack.
The orc wizard hits you but does no damage.
The orc barely misses you.
You closely miss the orc wizard.
The orc wizard is moderately wounded.
The orc completely misses you.
The orc wizard points at you and mumbles some strange words.
The puff of flame hits you.
* * * LOW HITPOINT WARNING * * *
The orc hits you from afar with a +0 trident.
You die...

#...............#.....#
#.#
#...........##..#######
#.## #...........##.##
#..# #..............#
##.###
##..........#####..#
#....
#..........#......#
#####
#............###### .
#.......>..######## ...
..>.........##@8.#.....
.........#.')oo.'....[
.......#####o8.#.....
......# ##### ....
###### ..


You could see an orc wizard and 2 orcs.

Vanquished Creatures
  An adder (D:2)
  3 dart slugs
  3 orcs (D:2)
  6 endoplasms
  2 hobgoblins (D:1)
  2 jackals (D:2)
  5 kobolds
  3 quokkas
  5 ball pythons
  2 bats
  2 frilled lizards (D:1)
  3 rats (D:1)
37 creatures vanquished.

Notes
Turn   | Place    | Note
-------+----------+-------------------------------------------
     0 | D:1      | Doomgape the Gargoyle Fighter began the quest for the Orb.
     0 | D:1      | Reached XP level 1. HP: 14/14 MP: 1/1
    98 | D:1      | Reached XP level 2. HP: 10/19 MP: 2/2
   425 | D:1      | Reached XP level 3. HP: 23/23 MP: 3/3
   555 | D:1      | Found a faded altar of an unknown god.
  1023 | D:2      | Found the +1 Delatra's gloves {ID++}
  1027 | D:2      | Reached XP level 4. HP: 29/29 MP: 4/4
  1045 | D:2      | HP: 1/29 [orc wizard/puff of flame (6)]
  1045 | D:2      | Slain by an orc

Illustrated notes

Levels and vault maps discovered:
D:1:      nzn_arrival_water_spiral, layout_rooms,
          hellmonk_ecumenical_altar_inner_sanctum
D:2:      layout_rooms, pf_guarded_unrand_delatra

Action                     |  1- 3 |  4- 6 || total
---------------------------+-------+-------++-------
  Melee: Flail             |    95 |    15 ||   110
    Use: Scroll            |     1 |       ||     1
         Potion            |       |     3 ||     3
 Armour: Scale mail        |    84 |    36 ||   120
  Dodge: Dodged            |    42 |    21 ||    63
  Block: Buckler           |    18 |     8 ||    26
